 Dungeon Crawl Stone Soup version 0.18-a0-1238-g8adb878 (webtiles) character file.

118 Reinor the Magician (level 4, -5/24 HPs)
             Began as a Deep Elf Wizard on Feb 5, 2016.
             Slain by an orc priest
             ... wielding a +0 mace
              (8 damage)
             ... on level 3 of the Dungeon.
             The game lasted 00:09:58 (2961 turns).

Reinor the Magician (Deep Elf Wizard)               Turns: 2961, Time: 00:09:58

Health: -5/24      AC:  2    Str:  4    XL:     4   Next: 72%
Magic:  4/14       EV: 12    Int: 24    God:
Gold:   164        SH:  0    Dex: 13    Spells: 6 memorised, 2 levels left

rFire  + . .     SeeInvis .     f - +0 spear
rCold  . . .     Gourm    .     a - +0 robe
rNeg   . . .     Faith    .     (no shield)
rPois  .         Spirit   .     b - +0 hat
rElec  .         Dismiss  .     (no cloak)
rCorr  .         Reflect  .     (no gloves)
SustAt .         Harm     .     (no boots)
MR     .....                    (no amulet)
Stlth  +++.......               r - ring of stealth
                                j - ring of protection from fire

@: not resistant to hostile enchantments, fairly stealthy
A: no striking features
a: no special abilities


You were on level 3 of the Dungeon.
You were not hungry.

You visited 1 branch of the dungeon, and saw 3 of its levels.

You collected 164 gold pieces.

Inventory:

Hand Weapons
 f - a +0 spear (weapon)
Missiles
 h - 18 poisoned needles
Armour
 a - a +0 robe (worn)
 b - a +0 hat (worn)
Jewellery
 j - a ring of protection from fire (left hand)
 r - a ring of stealth (right hand)
Scrolls
 e - a scroll of random uselessness {unknown}
 g - a scroll of identify {unknown}
 l - a scroll of teleportation
 s - a scroll of enchant armour {unknown}
 u - a scroll of remove curse
 v - a scroll of blinking
Potions
 k - a potion of agility {unknown}
 m - a potion of cancellation {unknown}
 o - a potion of mutation {unknown}
 p - a potion of brilliance {unknown}
 q - 2 potions of might {unknown}
 w - a potion of curing {unknown}
Books
 c - a book of Minor Magic

   Spells                             Type                      Level
   a - Magic Dart                     Conjuration                  1
   b - Blink                          Translocation                2
   c - Call Imp                       Summoning                    2
   d - Repel Missiles                 Charms/Air                   2
   e - Slow                           Hexes                        2
   f - Conjure Flame                  Conjuration/Fire             3
   g - Mephitic Cloud                 Conjuration/Poison/Air       3
Comestibles
 d - 4 bread rations
 i - 3 fruits
 n - 2 beef jerkies


   Skills:
 - Level 2.4 Dodging
 - Level 2.4 Stealth
 + Level 6.3 Spellcasting
 + Level 3.4 Conjurations
 - Level 1.1 Summonings
 - Level 1.1 Translocations


You had 2 spell levels left.
You knew the following spells:

 Your Spells              Type           Power        Failure   Level  Hunger
a - Magic Dart            Conj           ###.         1%          1    None
b - Blink                 Tloc           N/A          10%         2    None
c - Call Imp              Summ           ##......     10%         2    None
d - Repel Missiles        Chrm/Air       #.....       12%         2    None
e - Mephitic Cloud        Conj/Pois/Air  ##......     17%         3    None
f - Conjure Flame         Conj/Fire      ###.....     14%         3    None


Dungeon Overview and Level Annotations

Branches:
Dungeon (3/15)

Altars:
Dithmenos


Message History

The orc priest is almost dead.
The orc priest hits you with a mace!
Casting: Magic Dart
Confirm with . or Enter, or press ? or * to list all spells.
Aiming: Magic Dart
Press: ? - help, Shift-Dir - straight line, f/p - orc priest
Aim: an orc priest, wielding a mace and wearing a ring mail (almost dead)
The magic dart hits the orc priest.
The orc priest is almost dead.
The orc priest hits you with a mace.
* * * LOW HITPOINT WARNING * * *
Casting: Magic Dart
Confirm with . or Enter, or press ? or * to list all spells.
Aiming: Magic Dart
Press: ? - help, Shift-Dir - straight line, f/p - orc priest
Aim: an orc priest, wielding a mace and wearing a ring mail (almost dead)
The magic dart hits the orc priest.
The orc priest is almost dead.
The orc priest hits you with a mace!
You die...

...........)##....####..###÷.....
..†.........##.[.## #...#......+
.$)....o..o.....## #..........#
###....######...## ##..........#
≈≈##...# #....####...........#
.≈≈##.o# ##....##............#
..≈≈#.## #..........#########
...≈#.# ##.o......## ..s.o.#
###@######## #.o≈### #....).....#
..s≈ #.#####...)# ..≈≈ #.# #....#
..≈# #######.# #....# .≈≈
#....)..# #....# ≈≈#
#.#####.#####....# ≈#
#.###.≈...≈.#....#
#....≈.≈.≈.≈.....#


You could see an orc priest.

Vanquished Creatures
  2 adders (D:3)
  3 worms
  A giant gecko (D:2)
  4 orcs (D:3)
  4 giant cockroaches
  7 goblins
  8 hobgoblins
  16 jackals
  6 kobolds
  3 ball pythons
  7 bats
  14 giant newts
  7 rats
82 creatures vanquished.

Notes
Turn   | Place    | Note
--------------------------------------------------------------
     0 | D:1      | Reinor the Deep Elf Wizard began the quest for the Orb.
     0 | D:1      | Reached XP level 1. HP: 10/10 MP: 7/7
   311 | D:1      | Reached XP level 2. HP: 15/15 MP: 6/9
   579 | D:1      | Reached skill level 5 in Spellcasting
   999 | D:2      | Reached XP level 3. HP: 19/19 MP: 6/11
  1241 | D:2      | Learned a level 2 spell: Blink
  1244 | D:2      | Learned a level 2 spell: Call Imp
  1247 | D:2      | Learned a level 2 spell: Repel Missiles
  1251 | D:2      | Learned a level 3 spell: Mephitic Cloud
  1255 | D:2      | Learned a level 3 spell: Conjure Flame
  1414 | D:2      | Found a shadowy altar of Dithmenos.
  1741 | D:3      | Reached XP level 4. HP: 13/24 MP: 6/13
  2230 | D:3      | Reached skill level 6 in Spellcasting
  2961 | D:3      | Slain by an orc priest

Vault maps used:
D:1:      arrival_zaba_pyramid, fountainhead
D:2:      lemuel_round_altar, hangedman_decor_push, minmay_lizard_king
D:3:      first_bread, minmay_misc_feat_diagonals, hangedman_decor_growths,
          grunt_ministairs_8, kennysheep_doodads, st_stairs_11,
          kennysheep_potato

Action                   |  1- 3 |  4- 6 || total
-------------------------+-------+-------++-------
Melee: Spear             |    10 |     5 ||    15
 Cast: Magic Dart        |   110 |    76 ||   186
       Conjure Flame     |     1 |     1 ||     2
  Use: Scroll            |     2 |     3 ||     5
  Eat: Chunk             |     2 |     4 ||     6
